 Dungeon Crawl Stone Soup version 0.29.1-13-g9f3cf754e1 (webtiles) character file.

Game seed: 1331151674699584668

27 booth the Chopper (level 2, -1/22 HPs)
             Began as a Demonspawn Gladiator on Jan 28, 2023.
             Slain by Terence
             ... wielding a +0 hand axe of electrocution
              (14 damage)
             ... on level 2 of the Dungeon.
             The game lasted 00:07:22 (1014 turns).

booth the Chopper (Demonspawn Gladiator)            Turns: 1014, Time: 00:07:23

Health: -1/22      AC:  5    Str: 14    XL:     2   Next: 93%
Magic:  2/2        EV: 12    Int:  9    God:
Gold:   42         SH:  0    Dex: 14    Spells: 1/1 levels left

rFire   . . .      SeeInvis .   a - +0 war axe
rCold   . . .      Faith    .   (no shield)
rNeg    . . .      Spirit   .   b - +0 leather armour
rPois   .          Reflect  .   c - +0 helmet
rElec   .          Harm     .   (no cloak)
rCorr   .          Rampage  .   (no gloves)
Will    .....                   h - +0 pair of boots
Stlth   +.........              j - amulet of regeneration
HPRegen 0.87/turn               (no ring)
MPRegen 0.08/turn               (no ring)

@: no status effects
A: weakness stinger 1
a: no special abilities


You were on level 2 of the Dungeon.
You visited 1 branch of the dungeon, and saw 2 of its levels.

You collected 42 gold pieces.

Inventory:

Hand Weapons
 a - a +0 war axe (weapon)
 l - a +0 mace
Missiles
 d - a throwing net (quivered)
Armour
 b - a +0 leather armour (worn)
 c - a +0 helmet (worn)
 h - a +0 pair of boots (worn)
Jewellery
 j - an amulet of regeneration (around neck)
Potions
 f - a potion of heal wounds
 g - 2 potions of curing {unknown}
 k - a potion of ambrosia {unknown}


   Skills:
 + Level 2.2 Fighting
 + Level 3.2 Axes
 + Level 1.9 Throwing
 + Level 0.3 Armour
 + Level 2.9 Dodging


You had one spell level left.
You didn't know any spells.
Your spell library contained the following spells:

 Spells                   Type           Power      Damage    Failure   Level
 Foxfire                  Conj/Fire      0%         2x1d4     45%         1
 Scorch                   Fire           0%         2d5       61%         2
 Conjure Flame            Conj/Fire      0%         6-21      83%         3
 Inner Flame              Hex/Fire       0%         N/A       83%         3
 Stone Arrow              Conj/Erth      0%         3d7       83%         3
 Animate Armour           Summ/Erth      0%         N/A       99%         4
 Flame Wave               Conj/Fire      0%         2d4       99%         4
 Summon Cactus Giant      Summ           0%         N/A       100%        6
 Lehudib's Crystal Spear  Conj/Erth      0%         10d2      100%        8


Dungeon Overview and Level Annotations

Branches:
Dungeon (2/15)

Altars:

Annotations:
D:2 1 runed translucent door, Crazy Yiuf, Terence


Innate Abilities, Weirdness & Mutations

You have a small tail.


Message History

Terence is caught in the net!
Terence struggles against the net.
Throw: 4 darts (poison)
Press: ? - help, Q - select action, (/) - cycle Shift-Dir - straight line, f/p - Terence
Aim: Terence, wielding a +0 hand axe of electrocution and wearing a +0 scale mail (entangled in a net, 93% to hit)
You throw a poisoned dart. The poisoned dart hits Terence.
Terence is poisoned.
Throw: 3 darts (poison)
Press: ? - help, Q - select action, (/) - cycle Shift-Dir - straight line, f/p - Terence
Aim: Terence, wielding a +0 hand axe of electrocution and wearing a +0 scale mail (lightly wounded, entangled in a net, poisoned, 93% to hit)
You throw a poisoned dart. The poisoned dart hits Terence.
Terence looks even sicker.
Terence is lightly wounded.
Terence struggles against the net.
Terence struggles against the net.
Throw: 2 darts (poison)
Press: ? - help, Q - select action, (/) - cycle Shift-Dir - straight line, f/p - Terence
Aim: Terence, wielding a +0 hand axe of electrocution and wearing a +0 scale mail (moderately wounded, poisoned, 63% to hit)
You throw a poisoned dart.
The poisoned dart barely misses Terence.
Throw: dart (poison)
Press: ? - help, Q - select action, (/) - cycle Shift-Dir - straight line, f/p - Terence
Aim: Terence, wielding a +0 hand axe of electrocution and wearing a +0 scale mail (moderately wounded, poisoned, 63% to hit)
You throw a poisoned dart. The poisoned dart hits Terence.
Terence looks even sicker.
Terence is moderately wounded.
Throw: javelin
Press: ? - help, Q - select action, (/) - cycle Shift-Dir - straight line, f/p - Terence
Aim: Terence, wielding a +0 hand axe of electrocution and wearing a +0 scale mail (heavily wounded, very poisoned, 63% to hit)
You throw a javelin.
The javelin pierces through Terence but does no damage.
Terence is heavily wounded.
You hit Terence but do no damage.
Terence is heavily wounded.
Terence hits you with a +0 hand axe of electrocution.
You hit Terence but do no damage.
Terence is severely wounded.
Terence hits you with a +0 hand axe of electrocution!
You are electrocuted!
Ouch! That really hurt!
You die...

#. .. #.## #... #..# ..#
#.# # #@# .# ##+# #@# .#
##...# #.# ..# #.....#
#.####..# .......##
#(.....)# .. ..
...@....####...#.####.##.
.
......(.@..(.............
. ........####(..#.####.#
.#. .......##
##.##.####.# ..#


You could see Terence (very poisoned).

Vanquished Creatures
  A dart slug (D:2)
  2 endoplasms (D:1)
  5 giant cockroaches (D:1)
  4 hobgoblins
  2 ball pythons (D:1)
  3 frilled lizards (D:1)
  3 goblins
  2 kobolds (D:1)
22 creatures vanquished.

Vanquished Creatures (others)
  2 fungi (D:2)
2 creatures vanquished.

Grand Total: 24 creatures vanquished

Notes
Turn   | Place    | Note
-------+----------+-------------------------------------------
     0 | D:1      | booth the Demonspawn Gladiator began the quest for the Orb.
     0 | D:1      | Reached XP level 1. HP: 16/16 MP: 1/1
   208 | D:1      | Reached skill level 3 in Axes
   208 | D:1      | Discovered your monstrous ancestry.
   208 | D:1      | Gained mutation: You have a small tail. [demonic ancestry]
   208 | D:1      | Reached XP level 2. HP: 22/22 MP: 2/2
   942 | D:2      | Found a runed translucent door.
   943 | D:2      | Noticed Crazy Yiuf
   990 | D:2      | Noticed Terence
  1014 | D:2      | Slain by Terence

Illustrated notes

Levels and vault maps discovered:
D:1:      amcnicky_arrival_gap_in_the_tavern_cellar, layout_basic, minivault_14
D:2:      layout_loops_corners, uniq_crazy_yiuf_cottage, uniq_sigmund,
          uniq_terence

Skill      XL: |  1 |
---------------+----+-----
Axes           | 3 |  3.2
Fighting       | |  2.2
Throwing       | |  1.9
Armour         | |  0.3
Dodging        | |  2.9

Action                   || total
-------------------------++-------
Melee: War axe           ||    83
       Tailslap          ||     5
       Punch             ||     1
Throw: Dart              ||     4
       Throwing net      ||     2
       Javelin           ||     1
  Use: Scroll            ||     3
Armor: Leather armour    ||    25
Dodge: Dodged            ||    44
